 Dungeon Crawl Stone Soup version 0.26-a0-639-g72c4674 (webtiles) character file.

Game seed: 14461807437846206561

773 AGayBaby the Covered (level 7, -4/61 HPs)
             Began as a Minotaur Fighter on Sept 19, 2020.
             Slain by an ogre
             ... wielding a +0 giant spiked club
              (21 damage)
             ... on level 4 of the Dungeon.
             The game lasted 00:21:42 (5083 turns).

AGayBaby the Covered (Minotaur Fighter)             Turns: 5083, Time: 00:21:42

Health: -4/61      AC:  7    Str: 22    XL:     7   Next: 53%
Magic:  6/6        EV: 10    Int:  5    God:
Gold:   105        SH:  0    Dex: 10    Spells: 6/6 levels left

rFire    . . .     SeeInvis .   a - +0 war axe
rCold    . . .     Faith    .   (no shield)
rNeg     . . .     Spirit   .   b - +0 scale mail
rPois    .         Reflect  .   (helmet restricted)
rElec    .         Harm     .   (no cloak)
rCorr    .         Rampage  .   (no gloves)
MR       +....                  (no boots)
Stlth    ..........             (no amulet)
HPRegen  0.20/turn              t - ring of protection from magic
MPRegen  0.10/turn              (no ring)

@: no status effects
A: retaliatory headbutt, horns 2
a: no special abilities


You were on level 4 of the Dungeon.
You visited 1 branch of the dungeon, and saw 5 of its levels.

You collected 105 gold pieces.

Inventory:

Hand Weapons
 a - a +0 war axe (weapon)
 e - a +0 hunting sling
 n - a +2 short sword of flaming
 p - a +0 shortbow
Missiles
 f - 19 poisoned darts
 g - 84 stones (quivered)
 i - 28 sling bullets
 j - 5 javelins
 q - 24 arrows
 x - a boomerang
Armour
 b - a +0 scale mail (worn)
 c - a +0 kite shield
 y - a -1 robe
Jewellery
 t - a ring of protection from magic (left hand)
Wands
 w - a wand of random effects (13)
Scrolls
 h - 3 scrolls of identify
 k - 2 scrolls of immolation {unknown}
 l - a scroll of teleportation
 u - a scroll of enchant weapon {unknown}
 v - a scroll of fog {unknown}
Potions
 d - 2 potions of might
 m - a potion of cancellation {unknown}
 o - a potion of brilliance {unknown}
 r - a potion of degeneration {unknown}
 s - a potion of curing


   Skills:
 + Level 5.2 Fighting
 + Level 5.5 Axes
 + Level 3.4 Bows
 + Level 0.4 Throwing
 + Level 6.6 Armour
 + Level 1.6 Dodging
 + Level 0.1 Stealth
 + Level 4.5 Shields


You had 6 spell levels left.
You didn't know any spells.
Your spell library was empty.

Dungeon Overview and Level Annotations

Branches:
Dungeon (5/15)
 Temple: D:4-7

Altars:
Makhleb


Innate Abilities, Weirdness & Mutations

You reflexively headbutt those who attack you in melee.
You have a pair of horns on your head.


Message History

Throwing (i - inventory. (/) - cycle)
g - 86 stones (quivered)
Press: ? - help, Shift-Dir - straight line, f/p - ogre
Aim: an ogre, wielding a +0 giant spiked club (heavily wounded)
You throw a stone. The stone barely misses the ogre.
You see here a +0 ring mail.
You see here a worm corpse.
The ogre hits you with a +0 giant spiked club!!
* * * LOW HITPOINT WARNING * * *
The ogre closely misses you.
The phantom blinks!
Throwing (i - inventory. (/) - cycle)
g - 85 stones (quivered)
Press: ? - help, Shift-Dir - straight line, f/p - ogre
Aim: an ogre, wielding a +0 giant spiked club (heavily wounded)
You throw a stone.
The stone hits the ogre but does no damage.
The ogre is heavily wounded.
You slash the ogre! Your headbutt misses the ogre.
The ogre is severely wounded.
The ogre hits you with a +0 giant spiked club!!
You die...

#.# ### #.# #♣♣ ..#
#.# #.# #.# #.#
#.##♣.♣ #.# #.#
#.##... #.#
######.#######.#####
#.♣
♣............#......
#.#
#..........W..####
#<♣
#@##.#####..#..###
#.# #O##[# #.###.(.W
#.♣ ♣##(##†#
#..#..### #.#
#$.W...# ##.......
#.♣ ♣?.....#
##.P..P. ...
.............#
#P.♣♣♣♣ .#♣
♣#♣#♣.....##♣♣
♣#.♣♣..P . #.......
♣♣♣..P♣P.. ###.###..
....P♣♣..


You could see a phantom and an ogre.

Vanquished Creatures
  Grinder (D:3)
  Purgy (D:2)
  A phantom (D:5)
  A gnoll shaman (D:5)
  Jessica (D:2)
  Ijyb (D:2)
  2 worker ants (D:4)
  A hound skeleton (D:4)
  5 gnolls
  11 adders
  2 worms (D:4)
  3 leopard geckos
  7 orcs
  12 bats
  3 giant cockroaches
  12 goblins
  12 hobgoblins
  6 jackals
  11 kobolds
  A quokka (D:5)
  3 ball pythons
  6 frilled lizards
  11 rats
114 creatures vanquished.

Vanquished Creatures (others)
  A plant (D:4)
1 creature vanquished.

Grand Total: 115 creatures vanquished

Notes
Turn   | Place    | Note
-------+----------+-------------------------------------------
     0 | D:1      | AGayBaby the Minotaur Fighter began the quest for the Orb.
     0 | D:1      | Reached XP level 1. HP: 19/19 MP: 0/0
   341 | D:1      | Reached XP level 2. HP: 27/27 MP: 1/1
  1026 | D:1      | Reached XP level 3. HP: 33/33 MP: 2/2
  1057 | D:1      | Reached skill level 4 in Armour
  1365 | D:2      | Reached XP level 4. HP: 40/40 MP: 3/3
  2165 | D:2      | Noticed Jessica
  2171 | D:2      | Killed Jessica
  2171 | D:2      | Reached skill level 5 in Armour
  2171 | D:2      | Reached XP level 5. HP: 36/46 MP: 4/4
  2668 | D:3      | Noticed Purgy
  2668 | D:3      | Noticed Ijyb
  2713 | D:2      | Killed Purgy
  2713 | D:2      | Reached XP level 6. HP: 23/53 MP: 5/5
  2727 | D:2      | Killed Ijyb
  2986 | D:3      | Reached skill level 1 in Dodging
  3195 | D:3      | Noticed Grinder
  3406 | D:3      | Paralysed by Grinder for 6 turns
  3423 | D:3      | Paralysed by Grinder for 2 turns
  3719 | D:3      | Paralysed by Grinder for 2 turns
  3733 | D:3      | Paralysed by Grinder for 6 turns
  3742 | D:3      | Killed Grinder
  3972 | D:3      | Found a burning altar of Makhleb.
  4087 | D:3      | Reached XP level 7. HP: 60/60 MP: 6/6
  4283 | D:4      | Reached skill level 5 in Axes
  4288 | D:4      | Reached skill level 5 in Fighting
  4301 | D:4      | Reached skill level 6 in Armour
  4447 | D:5      | Entered Level 5 of the Dungeon
  5083 | D:4      | Slain by an ogre

Illustrated notes

Levels and vault maps discovered:
D:1:      wander_arrival_lonely_grave, layout_loops_corners,
          minmay_misc_feat_five
D:2:      layout_loops_ring, uniq_jessica
D:3:      layout_loops_ring, portal_sewer_entry_d, bloody_makhleb, uniq_purgy,
          uniq_grinder, uniq_ijyb
D:4:      layout_loops_ring, serial_forest, infiniplex_forest_lined_room_3,
          infiniplex_forest_clump_C, infiniplex_forest_straight_4,
          infiniplex_forest_clump_small, infiniplex_forest_fountain,
          infiniplex_forest_clump_tiny, infiniplex_forest_clump_cross,
          infiniplex_forest_clump_tiny, infiniplex_forest_3_way,
          nrook_mini_backslash
D:5:      layout_loops_ring, vehumet_crystals, led_sif_pool,
          minmay_temple_entry_butterflies, lemuel_statue_altar

Skill      XL: |  1  2  3  4  5  6  7 |
---------------+----------------------+-----
Shields        | 4 |  4.5
Axes           | 3 4 5 |  5.5
Fighting       | 4 5 |  5.2
Armour         | 4 5 6 |  6.6
Bows           | 2 3 |  3.4
Dodging        | 1 |  1.6
Throwing       | |  0.4
Stealth        | |  0.1

Action                   |  1- 3 |  4- 6 |  7- 9 || total
-------------------------+-------+-------+-------++-------
Melee: War axe           |   105 |    96 |    55 ||   256
       Headbutt          |    13 |    10 |    10 ||    33
 Fire: Shortbow          |       |    60 |       ||    60
Throw: Stone             |    19 |       |     3 ||    22
  Use: Scroll            |     1 |     3 |       ||     4
       Potion            |       |       |     1 ||     1
Armor: Scale mail        |    55 |    78 |    13 ||   146
Dodge: Dodged            |    30 |    73 |    41 ||   144
Block: Kite shield       |    56 |    26 |       ||    82

Table legend: (Time is in decaauts)
 A = Elapsed time spent in this place.
 B = Non-inter-level travel time spent in this place.
 C = Inter-level travel time spent in this place.
 D = Time resting spent in this place.
 E = Time spent auto-exploring this place.
 F = Levels seen in this place.
 G = Mean time per level.
                   A        B        C        D        E       F      G
               +--------+--------+--------+--------+--------+-----+--------+
         Total |   5210 |   5068 |    142 |   1007 |   2728 |   5 | 1042.0 |
       Dungeon |   5210 |   5068 |    142 |   1007 |   2728 |   5 | 1042.0 |
               +--------+--------+--------+--------+--------+-----+--------+

Top non-repeatable levels by time:
     D:2: 1683 daAuts
     D:3: 1273 daAuts
     D:1: 1226 daAuts
     D:4: 598 daAuts
     D:5: 429 daAuts
